 Dungeon Sprint DCSS version 0.30-a0-743-gbfdf073431 (webtiles) character file.

Game seed: 3548511165177053946

3100000 nabru the Axe Maniac (level 18, -32/236 HPs)
             Began as a Troll Berserker on Feb 6, 2023.
             Was the Champion of Trog.
             Annihilated by a meat berserker
             ... wielding a +9 battleaxe
              (63 damage)
             ... in the Dungeon (Sprint VIII: "Arena of Blood").
             The game lasted 00:01:23 (31 turns).

nabru the Axe Maniac (Troll Berserker)                Turns: 31, Time: 00:01:24

Health: -32/236    AC:  4    Str: 36    XL:     18   Next: 36%
Magic:  17/23      EV: 18    Int:  3    God:    Trog [******]
Gold:   0          SH:  0    Dex:  9    Spells: 17/17 levels left

rFire   . . .      SeeInvis .    i - +∞ Axe of Woe
rCold   . . .      Faith    .    (shield currently unavailable)
rNeg    . . .      Spirit   .    b - +0 animal skin
rPois   .          Reflect  .    (helmet restricted)
rElec   .          Harm     .    (no cloak)
rCorr   .          Rampage  .    (gloves unavailable)
Will    +....      NoTele   +    (boots unavailable)
Stlth   +++                      (no amulet)
HPRegen 1.39/turn                j - +30 ring of slaying
MPRegen 0.18/turn                (no ring)

@: no status effects
A: large, unfitting armour, claws 3, regeneration 1, shaggy fur 1, tough skin 1
a: Renounce Religion, Berserk, Trog's Hand, Brothers in Arms


You were in the Dungeon.
You worshipped Trog.
Trog was exalted by your worship.
You visited 1 branch

Inventory:

Hand Weapons
 a - a +0 hand axe
 i - the +∞ Axe of Woe (weapon)
   (You found it in the Dungeon)
Armour
 b - a +0 animal skin (worn)
Jewellery
 j - a +30 ring of slaying (left claw)
Scrolls
 h - a scroll of blinking
Potions
 c - a potion of curing
 d - a potion of heal wounds
 e - a potion of haste
 f - 2 potions of magic
 g - a potion of berserk rage


   Skills:
 O Level 27 Fighting
 + Level 8.0(9.6) Short Blades
 + Level 8.0(9.6) Long Blades
 O Level 27 Axes
 + Level 8.8(21.6) Maces & Flails
 + Level 8.0(20.0) Polearms
 + Level 8.0(10.8) Staves
 + Level 6.7 Ranged Weapons
 + Level 8.8 Throwing
 + Level 8.0 Armour
 O Level 27 Dodging
 + Level 6.1 Stealth
 + Level 8.2 Shields
 + Level 9.0 Unarmed Combat
 + Level 8.2 Invocations
 + Level 6.8 Evocations


You had 17 spell levels left.
You didn't know any spells.
Your spell library was empty.

Dungeon Overview and Level Annotations

Branches:
Dungeon (1/1)

Altars:
Makhleb


Innate Abilities, Weirdness & Mutations

You are too large for most types of armour.
You have claws for hands.
Your natural rate of healing is unusually fast.
You are covered in fur. (AC +1)
You have tough skin. (AC +1)


Message History

Your base Staves skill increases to level 7!
Your Armour skill increases to level 7!
Your Shields skill increases to level 7!
Your Unarmed Combat skill increases to level 8!
Your Invocations skill increases to level 7!
Your Evocations skill increases to level 6!
The meat berserker rages.
You hear a shout!
A bag of meat comes into view. It is wielding a +9 war axe. x2
You hear two shouts!
You hear a shout!
The bag of meat shouts! x2
You dice the large bag of meat like an onion!!!
Flame seeps out of the large bag of meat.
You pulverise the large bag of meat into a thin bloody mist.
Trog accepts your kill.
The large bag of meat explodes!
The fiery explosion engulfs you!!
* * * LOW HITPOINT WARNING * * *
You are engulfed in blazing flames.
* * * LOW HITPOINT WARNING * * *
You hear a shout! x14
Your base Short Blades skill increases to level 8!
Your base Long Blades skill increases to level 8!
Your base Maces & Flails skill increases to level 8!
Your base Polearms skill increases to level 8!
Your base Staves skill increases to level 8!
Your Ranged Weapons skill increases to level 6!
Your Throwing skill increases to level 8!
Your Armour skill increases to level 8!
Your Stealth skill increases to level 6!
Your Shields skill increases to level 8!
Your Unarmed Combat skill increases to level 9!
Your Invocations skill increases to level 8!
Unknown command.
You are engulfed in blazing flames.
* * * LOW HITPOINT WARNING * * *
You hear a shout! x7
A destroyer comes into view. It is wielding a +9 heavy great sword.
A bag of meat comes into view. It is wielding a +9 war axe.
The meat berserker hits you with a +9 battleaxe!!!
You die...

...o.....o
..Oo....O
..o...... #o....
.# .. #.... ..#
...###..o ..###.
......§O###......
#.....O○§_......
......#@§...#...
..... #O)<._#
.... #O....# #..
....._.....
O.......###......
. .###.o. ..###.
#..V ..# #... .#
.. ..


You could see a destroyer, a large bag of meat (wandering, inner flame), 4 meat
berserkers and 5 bags of meat.

Vanquished Creatures
  8 ogres (D)
  A two-headed ogre (D)
  15 orcs (D)
24 creatures vanquished.

Notes
Turn   | Place    | Note
-------+----------+-------------------------------------------
     0 | D        | Found the +∞ Axe of Woe
     0 | D        | nabru the Troll Berserker began the quest for the Orb.
     0 | D        | Reached XP level 1. HP: 22/22 MP: 0/0
     2 | D        | Noticed a bag of meat
     3 | D        | Noticed a bag of meat
     3 | D        | Noticed a bag of meat
     5 | D        | Killed a bag of meat
     5 | D        | Noticed a bag of meat
     5 | D        | Noticed a meat berserker
     5 | D        | Noticed a bag of meat
     5 | D        | Noticed a bag of meat
     5 | D        | Noticed a bag of meat
     5 | D        | Noticed a bag of meat
     6 | D        | Reached XP level 2. HP: 52/52 MP: 1/1
     6 | D        | Reached XP level 3. HP: 59/59 MP: 2/2
     6 | D        | Reached XP level 4. HP: 68/68 MP: 3/3
     6 | D        | Reached XP level 5. HP: 76/76 MP: 4/4
     6 | D        | Reached XP level 6. HP: 85/85 MP: 5/5
     6 | D        | Reached XP level 7. HP: 93/93 MP: 6/6
     6 | D        | Reached XP level 8. HP: 102/102 MP: 7/7
     6 | D        | Reached XP level 9. HP: 110/110 MP: 8/8
     6 | D        | Reached XP level 10. HP: 119/119 MP: 9/9
     7 | D        | Killed a bag of meat
     7 | D        | Reached ** piety under Trog
     7 | D        | Noticed a bag of meat
     7 | D        | Noticed a bag of meat
     8 | D        | Reached skill level 15 in Fighting
     8 | D        | Reached skill level 15 in Axes
     8 | D        | Reached XP level 11. HP: 132/132 MP: 10/10
     8 | D        | Killed a meat berserker
     8 | D        | Noticed a meat berserker
     9 | D        | Reached XP level 12. HP: 148/148 MP: 11/11
     9 | D        | Reached XP level 13. HP: 157/157 MP: 12/12
     9 | D        | Killed a bag of meat
     9 | D        | Killed a bag of meat
     9 | D        | Noticed a bag of meat
     9 | D        | Noticed a meat berserker
    11 | D        | Killed a bag of meat
    11 | D        | Reached *** piety under Trog
    12 | D        | Reached XP level 14. HP: 174/174 MP: 13/13
    12 | D        | Killed a bag of meat
    13 | D        | Killed a bag of meat
    13 | D        | Killed a bag of meat
    13 | D        | Reached **** piety under Trog
    13 | D        | Noticed a meat berserker
    14 | D        | Killed a meat berserker
    14 | D        | Noticed a bag of meat
    14 | D        | Noticed a meat berserker
    15 | D        | Reached XP level 15. HP: 192/192 MP: 14/14
    15 | D        | Noticed a meat berserker
    17 | D        | Killed a meat berserker
    18 | D        | Killed a meat berserker
    18 | D        | Reached ***** piety under Trog
    19 | D        | Reached XP level 16. HP: 62/210 MP: 15/15
    19 | D        | Killed a meat berserker
    20 | D        | Noticed a meat berserker
    20 | D        | Noticed a meat berserker
    21 | D        | Reached skill level 27 in Axes
    21 | D        | Killed a meat berserker
    22 | D        | Reached skill level 27 in Fighting
    22 | D        | Reached skill level 27 in Dodging
    22 | D        | Reached XP level 17. HP: 69/226 MP: 16/16
    24 | D        | Received a gift from Trog
    24 | D        | Killed a meat berserker
    25 | D        | Reached skill level 5 in Maces & Flails
    25 | D        | Reached skill level 5 in Throwing
    25 | D        | Reached skill level 5 in Shields
    25 | D        | Reached skill level 5 in Unarmed Combat
    25 | D        | Reached skill level 5 in Invocations
    25 | D        | Noticed a large bag of meat
    26 | D        | Killed a meat berserker
    26 | D        | Noticed a meat berserker
    26 | D        | Noticed a meat berserker
    27 | D        | Reached skill level 5 in Ranged Weapons
    27 | D        | Reached skill level 5 in Evocations
    27 | D        | Noticed a meat berserker
    27 | D        | Noticed a meat berserker
    28 | D        | Reached skill level 5 in Stealth
    28 | D        | Reached XP level 18. HP: 79/236 MP: 16/22
    30 | D        | Killed a large bag of meat
    30 | D        | Reached ****** piety under Trog
    31 | D        | Noticed a destroyer
    31 | D        | Annihilated by a meat berserker

Illustrated notes

Levels and vault maps discovered:
D:        meatsprint

Skill      XL: |  1  2  3  4  5  6  7  8  9 10 11 12 13 14 15 16 17 18 |
---------------+-------------------------------------------------------+-----
Fighting       | 13 15 17 19 22 25 27 | 27.0
Axes           | 13 15 17 20 23 25 27 | 27.0
Dodging        | 12 14 16 18 20 22 27 | 27.0
Short Blades   | 6 8 |  8.0
Long Blades    | 6 8 |  8.0
Maces & Flails | 7 8 |  8.8
Polearms       | 6 8 |  8.0
Staves         | 6 8 |  8.0
Ranged Weapons | 5 6 |  6.7
Throwing       | 7 8 |  8.8
Armour         | 6 8 |  8.0
Stealth        | 5 6 |  6.1
Shields        | 6 8 |  8.2
Unarmed Combat | 7 9 |  9.0
Invocations    | 6 8 |  8.2
Evocations     | 5 6 |  6.8

Action                     |  1- 3 |  4- 6 |  7- 9 | 10-12 | 13-15 | 16-18 || total
---------------------------+-------+-------+-------+-------+-------+-------++-------
  Melee: Executioner's axe |     1 |       |       |     2 |     7 |     8 ||    18
  Dodge: Dodged            |       |       |       |       |       |     1 ||     1

Table legend: (Time is in decaauts)
 A = Elapsed time spent in this place.
 B = Non-inter-level travel time spent in this place.
 C = Inter-level travel time spent in this place.
 D = Time resting spent in this place.
 E = Time spent auto-exploring this place.
 F = Levels seen in this place.
 G = Mean time per level.
                   A        B        C        D        E       F      G
               +--------+--------+--------+--------+--------+-----+--------+
         Total |     27 |     27 |      0 |      0 |      0 |   1 |   27.0 |
       Dungeon |     27 |     27 |      0 |      0 |      0 |   1 |   27.0 |
               +--------+--------+--------+--------+--------+-----+--------+

Top non-repeatable levels by time:
       D: 27 daAuts
